 Dungeon Crawl Stone Soup version 0.29-a0-284-gf9362112df (webtiles) character file.

Game seed: 3910127970105867967

18 Dabor the Shield-Bearer (level 2, -4/19 HPs)
             Began as a Gargoyle Fighter on Mar 15, 2022.
             Slain by a gnoll
             ... wielding a +0 flail
              (8 damage)
             ... on level 1 of the Dungeon.
             The game lasted 00:00:48 (308 turns).

Dabor the Shield-Bearer (Gargoyle Fighter)           Turns: 308, Time: 00:00:49

Health: -4/19      AC:  9    Str: 19    XL:     2   Next: 70%
Magic:  2/2        EV:  9    Int:  8    God:
Gold:   15         SH:  4    Dex:  9    Spells: 1/1 levels left

rFire   . . .      SeeInvis .   a - +0 flail
rCold   . . .      Faith    .   c - +0 buckler
rNeg    + . .      Spirit   .   b - +0 scale mail
rPois   ∞          Reflect  .   (no helmet)
rElec   +          Harm     .   (no cloak)
rCorr   .          Rampage  .   (no gloves)
Will    .....                   (no boots)
Stlth   ..........              (no amulet)
HPRegen 0.06/turn               (no ring)
MPRegen 0.08/turn               (no ring)

@: mighty
A: sickness immunity, AC +2, negative energy resistance 1, electricity
resistance, torment resistance 1, petrification resistance
a: no special abilities


You were on level 1 of the Dungeon.
You visited 1 branch of the dungeon, and saw 1 of its levels.

You collected 15 gold pieces.

Inventory:

Hand Weapons
 a - a +0 flail (weapon)
Armour
 b - a +0 scale mail (worn)
 c - a +0 buckler (worn)


   Skills:
 + Level 3.5 Fighting
 + Level 2.3 Maces & Flails
 + Level 3.5 Armour
 + Level 3.5 Shields


You had one spell level left.
You didn't know any spells.
Your spell library was empty.

Dungeon Overview and Level Annotations

Branches:
Dungeon (1/15)

Altars:


Innate Abilities, Weirdness & Mutations

You are immune to sickness and miasma.
Your stone body is resilient. (AC +2)
You are immune to poison.
You resist negative energy. (rN+)
You are resistant to electric shocks. (rElec)
You are resistant to unholy torment.
You are immune to petrification.


Message History

You are too injured to fight recklessly!
You are too injured to fight recklessly!
You are too injured to fight recklessly!
You are too injured to fight recklessly!
You are too injured to fight recklessly!
You are too injured to fight recklessly!
You are too injured to fight recklessly!
You are too injured to fight recklessly!
You escape the ball python's grasp.
The gnoll hits you with a +0 flail. The rat bites you but does no damage.
The gnoll attacks as you move away! The gnoll hits you but does no damage.
The ball python attacks as you move away!
The ball python bites you but does no damage.
The ball python attacks as you move away!
The ball python barely misses you. x2
The ball python bites you.
* * * LOW HITPOINT WARNING * * *
The ball python grabs you. The ball python constricts you.
* * * LOW HITPOINT WARNING * * *
You barely miss the ball python. The ball python barely misses you.
The ball python constricts you.
You hit the ball python.
You kill the ball python!
You closely miss the rat. The rat bites you.
* * * LOW HITPOINT WARNING * * *
The rat bites you but does no damage.
You sock the rat!
You kill the rat!
As you read the scroll labelled CEUNKI GELLO, it crumbles to dust.
You speak a Word of immense power!
It was a scroll of holy word.
The gnoll closely misses you.
As you read the scroll labelled QOWIABB WAZETU, it crumbles to dust.
It is a scroll of amnesia.
You feel forgetful for a moment. The gnoll barely misses you.
You feel very mighty all of a sudden. The gnoll hits you but does no damage.
You barely miss the gnoll.
The gnoll is moderately wounded.
The gnoll hits you with a +0 flail!
You die...

≈≈≈≈≈# ♣♣P≈≈≈♣#
PPP≈P≈≈#
#♣.P≈.≈♣### ###
###.........# #..
.........#.#
#.#####.#........
#.##.@gr...#
#.##.##[#.....#
#.##.##.#.......#
#..........>..###
##...####.....#
#.### #.....# #.#
#...[.# #.# #
#.....# #.# .#.


You could see a gnoll and a rat.

Vanquished Creatures
  A dart slug (D:1)
  2 giant cockroaches (D:1)
  A goblin (D:1)
  3 hobgoblins (D:1)
  3 ball pythons (D:1)
  2 bats (D:1)
  4 rats (D:1)
16 creatures vanquished.

Vanquished Creatures (others)
  4 toadstools (D:1)
4 creatures vanquished.

Grand Total: 20 creatures vanquished

Notes
Turn   | Place    | Note
-------+----------+-------------------------------------------
     0 | D:1      | Dabor the Gargoyle Fighter began the quest for the Orb.
     0 | D:1      | Reached XP level 1. HP: 14/14 MP: 1/1
   175 | D:1      | Reached XP level 2. HP: 19/19 MP: 2/2
   308 | D:1      | Slain by a gnoll

Illustrated notes

Levels and vault maps discovered:
D:1:      ldierk_walled_garden_2, layout_loops_cross, serial_bayou,
          serial_bayou_shore_b, serial_bayou_crossing, serial_bayou_shore_b,
          serial_bayou_shore_b, hellmonk_ecumenical_altar_run_dry

Action                   || total
-------------------------++-------
Melee: Flail             ||    55
  Use: Scroll            ||     2
       Potion            ||     1
Armor: Scale mail        ||    56
Dodge: Dodged            ||    34
Block: Buckler           ||    16

Table legend: (Time is in decaauts)
 A = Elapsed time spent in this place.
 B = Non-inter-level travel time spent in this place.
 C = Inter-level travel time spent in this place.
 D = Time resting spent in this place.
 E = Time spent auto-exploring this place.
 F = Levels seen in this place.
 G = Mean time per level.
                   A        B        C        D        E       F      G
               +--------+--------+--------+--------+--------+-----+--------+
         Total |    331 |    331 |      0 |      0 |    217 |   1 |  331.0 |
       Dungeon |    331 |    331 |      0 |      0 |    217 |   1 |  331.0 |
               +--------+--------+--------+--------+--------+-----+--------+

Top non-repeatable levels by time:
     D:1: 331 daAuts
